 Dungeon Crawl Stone Soup version 0.23.0-3-gf3c87f2 (webtiles) character file.

Game seed: 317976665810120960

58 Borgoz the Sneak (level 4, -3/33 HPs)
             Began as a Ghoul Enchanter on Feb 24, 2019.
             Killed by divine providence
             ... invoked by an orc priest
              (14 damage)
             ... on level 3 of the Dungeon.
             The game lasted 00:07:01 (2192 turns).

Borgoz the Sneak (Ghoul Enchanter)                  Turns: 2192, Time: 00:07:02

Health: -3/33      AC:  3    Str: 11    XL:     4   Next: 2%
Magic:  2/5        EV: 12    Int: 10    God:
Gold:   124        SH:  0    Dex: 10    Spells: 1/6 levels left

rFire    . . .     SeeInvis .   a - +1 dagger
rCold    + . .     Gourm    .   (no shield)
rNeg     + + +     Faith    .   e - +0 leather armour
rPois    ∞         Spirit   .   (no helmet)
rElec    .         Reflect  .   (no cloak)
rCorr    .         Harm     .   (no gloves)
MR       .....                  (no boots)
Stlth    ++........             (no amulet)
HPRegen  0.00/turn              (no ring)
MPRegen  0.09/turn              (no ring)

@: very slightly contaminated, rotting
A: rotting body, claws 1, carnivore, cold resistance 1, negative energy
resistance 3, inhibited regeneration, torment resistance, unbreathing
a: no special abilities


You were on level 3 of the Dungeon.
You were not hungry.

You visited 1 branch of the dungeon, and saw 3 of its levels.

You collected 124 gold pieces.

Inventory:

Hand Weapons
 a - a +1 dagger (weapon)
Armour
 e - a +0 leather armour (worn)
Potions
 f - 2 potions of curing
Comestibles
 d - 5 rations


   Skills:
 * Level 2.2 Short Blades
 + Level 2.3 Dodging
 - Level 3.2 Stealth
 - Level 1.7 Spellcasting
 + Level 2.9 Hexes
 + Level 0.3 Ice Magic


You had one spell level left.
You knew the following spells:

 Your Spells              Type           Power        Failure   Level  Hunger
a - Confuse               Hex            #.......     36%         3    ####...
b - Ensorcelled Hibernat  Hex/Ice        #.....       32%         2    ###....

Your spell library contained the following spells:

 Spells                   Type           Power        Failure   Level  Hunger
 Corona                   Hex            #......      13%         1    ##.....
 Tukima's Dance           Hex            #.......     36%         3    ####...
 Dazzling Spray           Conj/Hex       #.....       56%         3    ####...


Dungeon Overview and Level Annotations

Branches:
Dungeon (3/15)

Altars:


Innate Abilities, Weirdness & Mutations

Your body is rotting away.
You thrive on raw meat.
You are immune to poison.
You have sharp fingernails.
You are carnivorous and can eat meat at any time.
Your flesh is cold resistant. (rC+)
You are immune to negative energy. (rN+++)
You do not regenerate when monsters are visible.
You are immune to unholy pain and torment.
You can survive without breathing.


Message History

The orc priest is moderately wounded.
The orc priest hits you but does no damage.
The orc hits you with a +0 flail.
You hit the orc priest.
The orc priest is heavily wounded.
The orc hits you with a +0 hand axe.
The orc priest hits you with a +0 flail!
The orc barely misses you.
You hit the orc priest.
The orc priest is severely wounded.
The orc misses you.
You hit the orc priest.
The orc priest is severely wounded.
The orc priest hits you with a +0 flail.
The orc misses you. x2
You hit the orc priest.
The orc priest is almost dead.
The orc priest invokes the aid of Beogh against you.
Beogh smites you!
You die...

#.#.#
####.#.#########
#....#.......(..
#.##..........##
#.##...........#
###.##....<......#
#...#...........##
#.###.............
#.......@o........
######.oo.......##
#..........#
#..........#
#..........#
############


You could see an orc priest and 2 orcs.

Vanquished Creatures
  An adder (D:2)
  An ooze (D:2)
  A dart slug (D:1)
  A leopard gecko (D:1)
  3 giant cockroaches (D:1)
  4 goblins
  2 hobgoblins (D:1)
  A quokka (D:2)
  2 ball pythons (D:1)
  10 bats
  6 frilled lizards
  6 kobolds
  6 rats
44 creatures vanquished.

Notes
Turn   | Place    | Note
-------+----------+-------------------------------------------
     0 | D:1      | Borgoz the Ghoul Enchanter began the quest for the Orb.
     0 | D:1      | Reached XP level 1. HP: 14/14 MP: 2/2
    51 | D:1      | Reached skill level 1 in Short Blades
   309 | D:1      | Reached XP level 2. HP: 12/20 MP: 3/3
   554 | D:1      | Learned a level 2 spell: Ensorcelled Hibernation
   833 | D:1      | Reached XP level 3. HP: 23/26 MP: 4/4
  1117 | D:1      | Learned a level 3 spell: Confuse
  1943 | D:2      | Reached XP level 4. HP: 18/33 MP: 5/5
  2192 | D:3      | Killed from afar by an orc priest

Skill      XL: |  1  2  3 |
---------------+----------+-----
Short Blades   | 1 2 |  2.2
Dodging        | 2 |  2.3
Stealth        | |  3.2
Spellcasting   | |  1.7
Hexes          | |  2.9
Ice Magic      | |  0.3

Action                   |  1- 3 |  4- 6 || total
-------------------------+-------+-------++-------
Melee: Dagger            |   200 |    18 ||   218
 Cast: Corona            |     4 |       ||     4
       Ensorcelled Hiber |     7 |       ||     7
       Confuse           |       |     1 ||     1
  Use: Scroll            |     4 |       ||     4
       Potion            |     4 |     4 ||     8
 Stab: Sleeping          |     6 |       ||     6
  Eat: Chunk             |    15 |     2 ||    17
Armor: Robe              |    10 |       ||    10
       Leather armour    |    36 |     5 ||    41
Dodge: Dodged            |   124 |    17 ||   141
